 Dungeon Crawl Stone Soup version 0.25-a0-166-g16436c4 (webtiles) character file.

Game seed: 2811835409049748882, levelgen mode: deterministic

27350 TheGoonsmith the Severer (level 13, -1/116 HPs)
             Began as a Hill Orc Gladiator on Nov 24, 2019.
             Was a Priest of Uskayaw.
             Slain by a death yak (17 damage)
             ... on level 2 of the Lair of Beasts.
             The game lasted 00:29:50 (16878 turns).

TheGoonsmith the Severer (Hill Orc Gladiator)      Turns: 16878, Time: 00:29:51

Health: -1/116     AC: 19    Str: 22    XL:     13   Next: 31%
Magic:  0/18       EV: 12    Int:  8    God:    Uskayaw [***...]
Gold:   880        SH:  0    Dex: 22    Spells: 12/12 levels left

rFire    + + .     SeeInvis .   N - +0 battleaxe
rCold    . . .     Gourm    .   (shield currently unavailable)
rNeg     . . .     Faith    .   T - +2 plate armour {rF+}
rPois    .         Spirit   +   c - +0 helmet
rElec    .         Reflect  .   F - +0 cloak
rCorr    .         Harm     .   t - +0 pair of gloves
MR       .....                  y - +0 pair of boots
Stlth    ..........             p - amulet of guardian spirit
HPRegen  0.29/turn              i - +5 ring of dexterity
MPRegen  0.16/turn              L - ring of protection from fire

@: agile, heavily drained
A: no striking features
a: Stomp, Line Pass, Renounce Religion


You were on level 2 of the Lair of Beasts.
You worshipped Uskayaw.
Uskayaw was noncommittal.
You were not hungry.

You visited 3 branches of the dungeon, and saw 15 of its levels.
You also visited: Sewer and Volcano.

You collected 880 gold pieces.

Inventory:

Hand Weapons
 a - a +1 war axe
 N - a +0 battleaxe (weapon)
 O - a +2 hand axe of venom
 S - a +2 lajatang of flaming
Missiles
 d - 4 throwing nets (quivered)
Armour
 c - a +0 helmet (worn)
 q - a +2 scale mail of cold resistance
 t - a +0 pair of gloves (worn)
 y - a +0 pair of boots (worn)
 B - a +2 chain mail of poison resistance
 F - a +0 cloak (worn)
 P - a scarf of spirit shield
 T - a +2 plate armour of fire resistance (worn)
Jewellery
 i - a +5 ring of dexterity (left hand)
 p - an amulet of guardian spirit (around neck)
 L - a ring of protection from fire (right hand)
 R - an uncursed ring of protection from cold
Wands
 b - a wand of clouds (5)
 v - a wand of polymorph (20)
 z - a wand of acid (16)
 H - a wand of iceblast (3)
 K - a wand of flame (32)
 M - a wand of disintegration (18)
Scrolls
 e - 8 scrolls of remove curse
 g - 7 scrolls of teleportation
 h - 2 scrolls of fog
 m - 5 scrolls of enchant weapon
 n - 2 scrolls of fear
 r - 3 scrolls of identify
 x - 4 scrolls of magic mapping
 E - 2 scrolls of amnesia
 J - 2 scrolls of blinking
 U - a scroll of silence {unknown}
Potions
 j - a potion of invisibility {unknown}
 k - 3 potions of agility
 l - 3 potions of curing
 o - 4 potions of heal wounds
 s - a potion of cancellation {unknown}
 u - 3 potions of magic
 w - 4 potions of might
 A - 2 potions of brilliance {unknown}
 C - 3 potions of lignification
 D - 2 potions of degeneration
 G - a potion of flight {unknown}
 I - 4 potions of resistance
 Q - 2 potions of haste {unknown}
Comestibles
 f - 27 rations


   Skills:
 + Level 11.1(9.0) Fighting
 - Level 20.0(17.4) Axes
 - Level 1.7(0.1) Throwing
 + Level 7.7(5.7) Armour
 - Level 2.4(0.7) Dodging
 + Level 7.6(5.6) Invocations
 * Level 7.0(5.0) Evocations


You had 12 spell levels left.
You didn't know any spells.
Your spell library contained the following spells:

 Spells                   Type           Power        Failure   Level  Hunger
 Beastly Appendage        Tmut           #.....       100%        1    ##.....
 Infusion                 Chrm           #...         100%        1    ##.....
 Magic Dart               Conj           #...         100%        1    ##.....
 Blink                    Tloc           N/A          100%        2    ###....
 Call Imp                 Summ           #.......     100%        2    ###....
 Shroud of Golubria       Chrm/Tloc      #.....       100%        2    ###....
 Slow                     Hex            #.......     100%        2    ###....
 Song of Slaying          Chrm           #.......     100%        2    ###....
 Sticks to Snakes         Tmut           #.......     100%        2    ###....
 Conjure Flame            Conj/Fire      #.......     100%        3    ####...
 Gell's Gravitas          Tloc           #.........   100%        3    ####...
 Lesser Beckoning         Tloc           #.........   100%        3    ####...
 Mephitic Cloud           Conj/Pois/Air  #.......     100%        3    ####...
 Regeneration             Chrm/Necr      #.........   100%        3    ####...
 Spectral Weapon          Hex/Chrm       #.......     100%        3    ####...
 Spider Form              Tmut/Pois      #.........   100%        3    ####...
 Teleport Other           Tloc           #.......     100%        3    ####...
 Ice Form                 Ice/Tmut       #.......     100%        4    #####..
 Passage of Golubria      Tloc           N/A          100%        4    #####..
 Blade Hands              Tmut           #.........   100%        5    ######.


Dungeon Overview and Level Annotations

Branches:
Dungeon (11/15)            Temple (1/1) D:7            Lair (3/6) D:8
 Shoals (0/4) Lair:2        Snake (0/4) Lair:3        Sewer (visited)
Volcano (visited)
    Orc: D:9-12

Altars:
Ashenzari
Cheibriados
Dithmenos
Elyvilon
Fedhas
Gozag
Hepliaklqana
Kikubaaqudgha
Makhleb
Nemelex Xobeh
Okawaru
Qazlal
Ru
Sif Muna
Trog
Uskayaw
Vehumet
Wu Jian
Xom
Yredelemnul
Zin
The Shining One

Shops:
D:4 (

Portals:
Trove: D:10 (give 15 potions of curing)

Annotations:
Lair:3 3 runed translucent doors, Ydiytruq's ghost, journeyman OpFi


Message History

You slash the death yak! The death yak gores you.
* * * LOW HITPOINT WARNING * * *
The death yak gores you but does no damage.
Unknown command.
You feel agile all of a sudden. The death yak completely misses you.
The death yak misses you.
You hit the death yak but do no damage.
The death yak is severely wounded.
You slash the death yak!
You kill the death yak!
Your base Evocations skill increases to level 7!
The death yak gores you but does no damage.
Uskayaw prepares the audience for your solo!
Unknown command.
Okay, then.
The helpless death yak fails to defend itself.
You hit the death yak but do no damage.
The death yak is severely wounded.
The death yak is no longer paralysed.
The death yak gores you!!
You die...

.................................
###.##.#.##.####...###...........
# ######..### #....# ##.....P##P#
##.P# ##...####....###### #...#
##..###.#....P# #. #P.##
#...P###....### ## ##..## #...##
##....# # ##.P.# ##..# #....P# #
#P...# ##@.## ##...## #...##
#.Y..# #...P# #...# #.Y.##
##...## ##..# ##.(.# #.....#
#...# #...# ##...#### # ##.P#
#..## #...#P.#### # #(## #..##
#.......... # ##.## ##.YP#
##......<... #######...#
#....###...........


You could see 3 death yaks.

Vanquished Creatures
  2 death yaks (Lair:2)
  A two-headed ogre (D:11)
  4 skeletal warriors
  A lindwurm (Lair:2)
  Pikel (D:6)
  An orb spider (Lair:3)
  6 elephants (Lair:2)
  Joseph (D:7)
  2 black mambas
  2 gargoyles (Volcano)
  A molten gargoyle (Volcano)
  2 spiny frogs (Lair:1)
  7 komodo dragons
  A polar bear (Lair:3)
  5 hippogriffs
  A snapping turtle (Lair:2)
  Prince Ribbit (D:6)
  11 blink frogs
  Sigmund (D:6)
  A spriggan (D:7)
  2 basilisks
  A fire elemental (Volcano)
  2 wyverns (Lair:3)
  19 yaks
  Grum (D:9)
  3 wargs (D:8)
  3 nagas (Lair:3)
  Duvessa (D:6)
  8 water moccasins
  5 porcupines
  2 orc warriors
  5 ice beasts
  A sky beast (D:5)
  2 necrophages
  3 ogres (D:7)
  A phantom (D:8)
  12 wolves
  A centaur (D:9)
  4 big kobolds
  4 crocodiles
  17 bullfrogs
  A wyvern skeleton (D:8)
  4 scorpions
  Dowan (D:6)
  A water moccasin skeleton (D:4)
  7 killer bees
  6 howler monkeys
  An electric eel (Lair:3)
  3 crimson imps
  A centaur zombie (D:6)
  4 hounds
  A quasit (D:9)
  A jelly (D:8)
  5 orc priests
  3 centaur skeletons
  3 bullfrog skeletons
  Natasha (twice) (D:3)
  Terence (D:2)
  2 iguanas
  6 orc wizards
  8 worker ants
  A hound zombie (D:8)
  A hound skeleton (D:11)
  Robin (D:4)
  4 gnolls
  25 adders
  2 river rats (Sewer)
  2 shadow imps
  2 oozes
  3 adder skeletons
  3 worms
  2 dart slugs (D:4)
  19 orcs
  13 ball pythons
  9 bats
  5 giant cockroaches
  14 goblins
  11 hobgoblins
  10 jackals
  2 quokkas
  3 frilled lizards
  A jackal zombie (D:6)
  24 kobolds
  30 rats
  4 fungi
401 creatures vanquished.

Vanquished Creatures (others)
  2 slaves (D:6)
  A hound skeleton (D:6)
  3 gnolls (D:6)
  2 bushes (Lair:3)
  5 fungi
  5 plants
18 creatures vanquished.

Grand Total: 419 creatures vanquished

Notes
Turn   | Place    | Note
-------+----------+-------------------------------------------
     0 | D:1      | TheGoonsmith the Hill Orc Gladiator began the quest for the
                  | Orb.
     0 | D:1      | Reached XP level 1. HP: 18/18 MP: 1/1
   209 | D:1      | Reached XP level 2. HP: 24/25 MP: 2/2
   365 | D:1      | Reached skill level 5 in Axes
   511 | D:1      | Reached XP level 3. HP: 26/31 MP: 3/3
   749 | D:2      | Noticed Terence
   760 | D:2      | Killed Terence
   760 | D:2      | Reached XP level 4. HP: 17/38 MP: 4/4
  1077 | D:2      | Reached skill level 6 in Axes
  1394 | D:3      | Reached XP level 5. HP: 45/46 MP: 5/5
  1619 | D:3      | Noticed Natasha
  1631 | D:3      | Killed Natasha
  1631 | D:3      | Reached skill level 7 in Axes
  2196 | D:3      | Noticed Natasha
  2204 | D:3      | Killed Natasha
  2302 | D:4      | Found Wenatt's Weapon Shop.
  2327 | D:4      | Reached XP level 6. HP: 51/53 MP: 2/6
  2371 | D:4      | Reached skill level 8 in Axes
  2377 | D:4      | Found a glowing drain.
  2389 | Sewer    | Entered a sewer
  2413 | Sewer    | Reached skill level 5 in Fighting
  2622 | Sewer    | Reached skill level 9 in Axes
  2622 | Sewer    | Reached XP level 7. HP: 36/61 MP: 4/7
  2930 | D:4      | Reached skill level 10 in Axes
  3039 | D:4      | Found a glowing golden altar of the Shining One.
  3044 | D:4      | Noticed Robin
  3048 | D:4      | Killed Robin
  3137 | D:4      | Found a sacrificial altar of Ru.
  3362 | D:4      | Reached skill level 1 in Armour
  3591 | D:4      | Reached XP level 8. HP: 34/69 MP: 5/8
  4033 | D:5      | Entered Level 5 of the Dungeon
  4446 | D:5      | Reached skill level 11 in Axes
  5380 | D:6      | Noticed Pikel
  5395 | D:6      | Killed Pikel
  5395 | D:6      | Reached skill level 12 in Axes
  5395 | D:6      | Reached XP level 9. HP: 79/79 MP: 9/9
  5608 | D:6      | Noticed Prince Ribbit
  5734 | D:6      | Killed Prince Ribbit
  5734 | D:6      | Reached skill level 13 in Axes
  5744 | D:6      | Noticed Sigmund
  5753 | D:6      | Killed Sigmund
  5763 | D:6      | Noticed Dowan
  5764 | D:6      | Noticed Duvessa
  5770 | D:6      | Killed Dowan
  5782 | D:6      | Killed Duvessa
  6293 | D:7      | Reached skill level 14 in Axes
  6411 | D:7      | Reached XP level 10. HP: 80/88 MP: 8/10
  6440 | D:7      | Reached skill level 15 in Axes
  6594 | D:7      | Noticed Joseph
  6618 | D:7      | Killed Joseph
  6885 | D:7      | Found a staircase to the Ecumenical Temple.
  6891 | Temple   | Entered the Ecumenical Temple
  7007 | Temple   | Became a worshipper of Uskayaw the Reveler
  7076 | D:7      | Reached * piety under Uskayaw
  7078 | D:7      | Reached ** piety under Uskayaw
  7084 | D:7      | Reached *** piety under Uskayaw
  7092 | D:7      | Reached **** piety under Uskayaw
  7098 | D:7      | Reached skill level 16 in Axes
  7368 | D:8      | Reached skill level 1 in Invocations
  7423 | D:8      | Found a stormy altar of Qazlal.
  7485 | D:8      | Found an ancient bone altar of Kikubaaqudgha.
  7486 | D:8      | Found a hazy altar of Hepliaklqana.
  7486 | D:8      | Found a bloodstained altar of Trog.
  7486 | D:8      | Found a burning altar of Makhleb.
  7494 | D:8      | Found a shattered altar of Ashenzari.
  7494 | D:8      | Found an iron altar of Okawaru.
  7546 | D:8      | Reached skill level 5 in Armour
  7547 | D:8      | Found a staircase to the Lair.
  7550 | D:8      | Reached ***** piety under Uskayaw
  8125 | D:9      | Noticed Grum
  8137 | D:9      | Reached XP level 11. HP: 78/97 MP: 11/14
  8139 | D:9      | Reached skill level 5 in Invocations
  8146 | D:9      | Killed Grum
  8326 | D:9      | Reached skill level 10 in Fighting
  8762 | D:10     | Entered Level 10 of the Dungeon
  8808 | D:10     | Found a portal to a secret trove of treasure.
  8816 | D:10     | Reached skill level 1 in Evocations
  9141 | D:11     | Noticed a two-headed ogre
  9148 | D:11     | Killed a two-headed ogre
  9289 | D:11     | Noticed a skeletal warrior
  9321 | D:10     | Killed a skeletal warrior
  9628 | D:11     | Noticed a skeletal warrior
  9629 | D:11     | Noticed a skeletal warrior
  9629 | D:11     | Noticed a skeletal warrior
  9652 | D:11     | Killed a skeletal warrior
  9869 | D:9      | Killed a skeletal warrior
 10525 | D:10     | Killed a skeletal warrior
 10525 | D:10     | Reached skill level 5 in Evocations
 10887 | Lair:1   | Entered Level 1 of the Lair of Beasts
 11649 | Lair:1   | Reached skill level 17 in Axes
 11723 | Lair:1   | Reached XP level 12. HP: 57/107 MP: 9/16
 12707 | Lair:2   | Reached skill level 18 in Axes
 12714 | Lair:2   | Reached ****** piety under Uskayaw
 12932 | Lair:2   | Found a dark tunnel.
 12939 | Lair:2   | Reached skill level 19 in Axes
 13037 | Volcano  | Entered a volcano
 14199 | Lair:2   | Found a staircase to the Shoals.
 14206 | Lair:2   | Reached skill level 20 in Axes
 14360 | Lair:3   | Noticed Sonja
 14734 | Lair:3   | Noticed a death yak
 14734 | Lair:3   | Noticed a death yak
 14735 | Lair:3   | Noticed a death yak
 14735 | Lair:3   | Noticed a death yak
 15010 | Lair:3   | Reached XP level 13. HP: 44/114 MP: 7/17
 15830 | Lair:3   | Noticed Sonja
 15830 | Lair:3   | Sonja changed into Sonja the orb spider
 15839 | Lair:3   | Killed Sonja the orb spider
 16167 | Lair:3   | Found a runed translucent gate.
 16168 | Lair:3   | Found a runed translucent gate.
 16169 | Lair:3   | Found a runed translucent gate.
 16170 | Lair:3   | Noticed a minotaur
 16172 | Lair:3   | Noticed Ydiytruq's ghost (journeyman OpFi)
 16222 | Lair:3   | Found a staircase to the Snake Pit.
 16408 | Lair:3   | Identified the amulet "Punkelab" {Spirit rF+}
 16878 | Lair:2   | Slain by a death yak

Levels and vault maps discovered:
D:1:      scummos_arrival_forest, layout_rooms
D:2:      layout_rooms, first_ration, minmay_misc_feat_room, corner_web_ring,
          uniq_terence
D:3:      layout_loops_corners, uniq_natasha
D:4:      layout_gridville, kennysheep_mini_moat, kennysheep_mini,
          cheibrodos_sewer_entry_drain, serial_shops, shop, uniq_robin
D:5:      cheibrodos_thug_alley, layout_basic
D:6:      layout_basic, uniq_pikel, uniq_duvessa, uniq_sigmund,
          uniq_prince_ribbit1
D:7:      layout_gridville, minmay_temple_entry_enclosed_plants, the_bakery,
          uniq_joseph
D:8:      layout_loops_ring, minmay_overflow_temple_hex,
          erik_lair_orcish_takeover, nicolae_qazlal_style_of_elements
D:9:      layout_loops_ring, minmay_misc_feat_x, minivault_25_ag, uniq_grum
D:10:     layout_roguey, enter_trove_2
D:11:     layout_irregular_city, serial_shops, shop
Temple:   eino_narrow_crystal_temple
Lair:1:   layout_regular_city, grunt_megastairs_3
Lair:2:   layout_long_grid, minmay_shoals_entry_hut,
          nicolae_volcano_entry_vermiform, st_stairs_11
Lair:3:   layout_cave_pods, guppyfry_snake_entry_island,
          maelrawn_ghost_gauntlet_escape, serial_bayou_pond_d,
          infiniplex_staircase_pool, serial_bayou_shore_b, lemuel_fruit_tree,
          uniq_sonja

Skill      XL: |  1  2  3  4  5  6  7  8  9 10 11 12 13 |
---------------+----------------------------------------+-----
Fighting       | 3 4 5 7 8 9 10 11 | 11.1
Axes           | 5 6 7 9 10 12 14 16 17 20 | 20.0
Armour         | 1 4 6 7 |  7.7
Invocations    | 4 6 7 |  7.6
Evocations     | 5 7 |  7.0
Throwing       | |  1.7
Dodging        | |  2.4

Action                   |  1- 3 |  4- 6 |  7- 9 | 10-12 | 13-15 || total
-------------------------+-------+-------+-------+-------+-------++-------
Melee: War axe           |    76 |   197 |   316 |   328 |       ||   917
       Battleaxe         |       |       |       |   391 |   129 ||   520
Invok: Line Pass         |       |       |       |     3 |     1 ||     4
       Stomp             |       |       |       |     2 |       ||     2
Evoke: Wand              |       |       |       |     4 |     4 ||     8
  Use: Scroll            |       |     8 |     7 |     8 |     1 ||    24
       Potion            |       |       |     4 |     1 |     1 ||     6
 Stab: Paralysed         |       |       |       |    45 |    15 ||    60
  Eat: Chunk             |       |     6 |    12 |    19 |     1 ||    38
       Ration            |       |       |       |     3 |     2 ||     5
Armor: Leather armour    |    25 |       |       |       |       ||    25
       Scale mail        |       |   104 |    71 |       |       ||   175
       Chain mail        |       |       |    79 |   244 |       ||   323
       Plate armour      |       |       |       |    99 |    81 ||   180
Dodge: Dodged            |    51 |   143 |   133 |   249 |    32 ||   608

Table legend:
 A = Non-vault XP
 B = Vault XP
 C = Vault XP percentage of total XP
 D = Non-vault monster count
 E = Vault monster count
 F = Vault count percentage of total count
                 A         B        C        D         E       F
            +---------+---------+-------+---------+---------+-------
      Total |   31344 |    7728 |  19.8 |     290 |     107 |  27.0
            +---------+---------+-------+---------+---------+-------
        D:1 |      35 |       0 |   0.0 |      20 |       0 |   0.0
        D:2 |      59 |      36 |  37.9 |      15 |       1 |   6.2
        D:3 |     150 |      36 |  19.4 |      24 |       1 |   4.0
        D:4 |     534 |      42 |   7.3 |      24 |      15 |  38.5
        D:5 |     309 |     216 |  41.1 |       8 |      12 |  60.0
        D:6 |    1006 |    1318 |  56.7 |      21 |       5 |  19.2
        D:7 |    1816 |     686 |  27.4 |      31 |       2 |   6.1
        D:8 |    1844 |     585 |  24.1 |      25 |       7 |  21.9
        D:9 |    1611 |     420 |  20.7 |      19 |       3 |  13.6
       D:10 |    2795 |       0 |   0.0 |      13 |       0 |   0.0
       D:11 |    2230 |       0 |   0.0 |      11 |       0 |   0.0
     Lair:1 |    3206 |     476 |  12.9 |      13 |       2 |  13.3
     Lair:2 |   10271 |    1081 |   9.5 |      38 |       3 |   7.3
     Lair:3 |    5478 |    1076 |  16.4 |      28 |       4 |  12.5
      Sewer |       0 |     344 | 100.0 |       0 |      48 | 100.0
    Volcano |       0 |    1412 | 100.0 |       0 |       4 | 100.0
            +---------+---------+-------+---------+---------+-------
